AoeStats
← K o h i m e

Black Forest

510151860Analyzed
3v3 RM · 2d ago on Sep 29, 2026· 54m 10s· 6 players
Game mode
Random Map
Map size
Normal (6 player)
Population
200
Speed
Normal
Resources
Standard
Victory
Conquest
Starting age
Dark Age
Ending age
Imperial Age
RankedLock teamsTeams togetherTeam positionsShared explorationLock speedFull tech treeHidden civsTurbo modeCheats
Victory
Defeat
🇲🇽 Burgundians · Mexico
771
+15
🇨🇿 Bohemians · Czechia
765
+16
🇲🇽 Portuguese · Mexico
753
+16
🇻🇳 Khitans · Vietnam
806
-17
🇻🇳 Wu · Vietnam
760
-16
🇻🇳 Chinese · Vietnam
703
-14
j.quintero_1988
0:56 Loom
18:40 Feudal Age
20:36 Double-Bit Axe
26:13 Castle Age
24:38 Fishing Lines
24:52 Fletching
29:47 Wheelbarrow
32:48 Gillnets
35:53 Imperial Age
33:08 Treadmill Crane
33:25 Murder Holes
35:02 Fervor
35:14 Sanctity
34:55 Stone Mining
34:56 Gold Mining
36:29 Hand Cart
39:07 Chemistry
38:29 Ballistics
37:47 Capped Ram
40:30 Conscription
42:27 Circumnavigation
42:29 Arquebus
44:33 Siege Engineers
46:29 Elite Organ Gun
Sir Corsario II
0:37 Loom
16:20 Feudal Age
21:23 Arson
21:30 Double-Bit Axe
21:58 Scale Mail Armor
22:10 Forging
29:33 Wheelbarrow
28:42 Horse Collar
29:20 Bow Saw
32:15 Castle Age
30:23 Stone Mining
30:25 Gold Mining
30:37 Heavy Plow
32:59 Squires
34:55 Crop Rotation
37:13 Husbandry
38:16 Hand Cart
40:32 Two-Man Saw
39:58 Caravan
40:43 Scale Barding Armor
41:14 Iron Casting
40:47 Cavalier
48:04 Imperial Age
47:35 Chain Barding Armor
tenzpotravin
15:59 Feudal Age
16:50 Horse Collar
17:01 Double-Bit Axe
21:01 Wheelbarrow
25:00 Castle Age
29:23 Heavy Plow
31:29 Bow Saw
31:54 Hand Cart
36:35 Forging
36:25 Scale Mail Armor
36:30 Scale Barding Armor
36:26 Padded Archer Armor
36:17 Fletching
36:50 Loom
36:50 Town Watch
37:52 Caravan
39:43 Iron Casting
39:23 Chain Mail Armor
39:24 Leather Archer Armor
42:55 Imperial Age
40:26 Bodkin Arrow
42:28 Ballistics
43:09 Chemistry
42:20 Fortified Wall
43:58 Conscription
43:05 Elite Hussite Wagon
44:30 Pikeman
44:57 Arson
45:14 Squires
46:19 Blast Furnace
45:49 Plate Mail Armor
45:24 Bracer
45:55 Ring Archer Armor
44:54 Halberdier
47:04 Houfnice
49:53 Two-Man Saw
53:42 Town Patrol
Muscle Boy
2:51 Loom
18:54 Feudal Age
37:57 Double-Bit Axe
37:55 Horse Collar
42:46 Castle Age
44:01 Wheelbarrow
43:33 Heavy Plow
43:59 Bow Saw
45:18 Squires
44:38 Pikeman
51:41 Caravan
K o h i m e
1:35 Loom
15:26 Feudal Age
22:08 Castle Age
21:36 Horse Collar
21:42 Double-Bit Axe
28:08 Heavy Plow
35:28 Imperial Age
35:19 Forging
35:19 Scale Barding Armor
36:42 Bloodlines
35:53 Light Cavalry
36:34 Husbandry
37:15 Iron Casting
36:55 Bow Saw
37:30 Wheelbarrow
38:13 Chain Barding Armor
37:59 Sitting Tiger
39:58 Hand Cart
40:42 Hussar
44:49 Plate Barding Armor
45:14 Blast Furnace
applerutz20052001
0:34 Loom
13:15 Feudal Age
18:49 Castle Age
18:37 Double-Bit Axe
18:36 Domestication
21:57 Domestication
25:39 Pastoralism
25:56 Bow Saw
28:00 Gold Mining
28:26 Fletching
28:36 Padded Archer Armor
30:35 Wheelbarrow
29:45 Town Watch
30:23 Leather Archer Armor
30:03 Bodkin Arrow
30:17 Scale Barding Armor
30:23 Forging
30:45 Stone Mining
32:39 Hand Cart
32:24 Town Patrol
35:06 Imperial Age
32:52 Scale Mail Armor
33:50 Gambesons
34:05 Squires
33:51 Arson
34:54 Stone Shaft Mining
35:11 Chain Mail Armor
37:46 Two-Man Saw
37:29 Transhumance
38:11 Plate Mail Armor
38:17 Iron Casting
39:34 Elite Liao Dao
39:48 Pikeman
41:46 Ordo Cavalry
42:51 Chemistry
45:07 Murder Holes
45:33 Ballistics
44:54 Treadmill Crane
45:04 Heated Shot
Connection lost

Rejoining the realm…

Still unreachable

The connection could not be restored.

Session expired

The server has moved on; the page needs a fresh start.